 Dungeon Crawl Stone Soup version 0.29.0-4-gdea44cf6ec (webtiles) character file.

Game seed: 3304511419257623507

369 qw the Chopper (level 6, 0/53 HPs)
             Began as a Minotaur Fighter on Sept 6, 2022.
             Slain by a necrophage (1 damage)
             ... on level 4 of the Dungeon.
             The game lasted 00:01:20 (3472 turns).

qw the Chopper (Minotaur Fighter)                   Turns: 3472, Time: 00:01:20

Health: 0/53       AC:  9    Str: 22    XL:     6   Next: 41%
Magic:  5/5        EV:  7    Int:  5    God:
Gold:   225        SH:  4    Dex: 10    Spells: 5/5 levels left

rFire   . . .      SeeInvis .   Y - +0 war axe (chaos)
rCold   . . .      Faith    .   c - +0 buckler
rNeg    . . .      Spirit   .   n - +0 chain mail
rPois   .          Reflect  .   (helmet restricted)
rElec   .          Harm     .   (no cloak)
rCorr   .          Rampage  .   (no gloves)
Will    .....                   (no boots)
Stlth   ..........              (no amulet)
HPRegen 0.17/turn               (no ring)
MPRegen 0.09/turn               (no ring)

@: about to teleport, weakened
A: horns 2, retaliatory headbutt
a: no special abilities


You were on level 4 of the Dungeon.
You visited 1 branch of the dungeon, and saw 4 of its levels.

You collected 225 gold pieces.


Innate Abilities, Weirdness & Mutations

You have a pair of horns on your head.
You reflexively headbutt those who attack you in melee.


   Skills:
 - Level 4.3 Fighting
 + Level 7.7 Axes
 - Level 3.6 Armour
 - Level 1.3 Dodging
 - Level 3.6 Shields


You had 5 spell levels left.
You didn't know any spells.
Your spell library was empty.

Inventory:

Hand Weapons
 a - a +0 flail
 Y - a +0 war axe of chaos (weapon)
Armour
 c - a +0 buckler (worn)
 n - a +0 chain mail (worn)
Jewellery
 k - a ring of ice
Potions
 d - 4 potions of might
 e - a potion of mutation {unknown}
 f - a potion of resistance {unknown}
 g - a potion of flight {unknown}
 h - a potion of brilliance {unknown}
 j - a potion of curing

Dungeon Overview and Level Annotations

Branches:
Dungeon (4/15)             Temple (0/1) D:4

Altars:
Gozag
Sif Muna

Shops:
D:2 (


Message History

The gnoll hits you from afar with a +0 halberd!
The gnoll bouda hits you with a +0 whip.
The howler monkey hoots and howls with incredible vigour!
You hear a shout!
You hear an angry hiss.
You hear a shout! x2
You hit the gnoll bouda but do no damage.
The gnoll bouda is severely wounded.
You miss the howler monkey. The gnoll bouda closely misses you.
The gnoll hits you from afar with a +0 halberd!
The howler monkey hits you.
3469 ||| READING scroll of teleportation.
As you read the scroll of teleportation, it crumbles to dust.
You feel strangely unstable.
The gnoll bouda gazes fiercely through you!
You feel as though you will be weak longer.
The gnoll bouda hits you with a +0 whip.
The gnoll barely misses you.
The howler monkey hoots and howls with incredible vigour!
You hear an angry hiss.
You hear a shout!
You hit the gnoll bouda.
You kill the gnoll bouda!
You hit the howler monkey but do no damage.
The howler monkey resists with some effort.
The howler monkey hits you but does no damage.
The gnoll barely misses you.
Your Fighting skill increases to level 4!
You closely miss the howler monkey. Your headbutt misses the howler monkey.
The howler monkey is lightly wounded.
You hit the necrophage.
The howler monkey hits you but does no damage.
The necrophage hits you but does no damage.
The gnoll hits you from afar with a +0 halberd.
The howler monkey barely misses you.
You miss the howler monkey. Your headbutt misses the howler monkey.
The howler monkey is lightly wounded.
You hit the necrophage. You freeze the necrophage.
A ball python comes into view.
The gnoll hits you from afar with a +0 halberd.
The necrophage hits you.
You die...

.........# .........S
........?# #
...........## ..
#.##........##.#.
#..##............
....###..ยค....#
.....#..hng#..
#....@#...}.> ...
#.....)W#g... ...
###..)..#...#.}
.....###..............
..................#.#.
.....###%.>......## ..
##....##........## #
.##......#.......<..
....................


You could see a necrophage, a phantom, a howler monkey (agile), a gnoll (swift)
and a ball python (wandering).

Vanquished Creatures
  Menkaure (D:4)
  A gnoll bouda (D:4)
  An orc priest (D:4)
  An orc wizard (D:4)
  4 gnolls
  4 adders
  4 worms
  3 dart slugs
  2 orcs
  7 ball pythons
  5 bats
  7 endoplasms
  3 giant cockroaches
  7 goblins
  6 hobgoblins
  7 frilled lizards
  7 kobolds
  3 rats (D:1)
73 creatures vanquished.

Vanquished Creatures (others)
  A plant (D:3)
1 creature vanquished.

Grand Total: 74 creatures vanquished

Notes
Turn   | Place    | Note
-------+----------+-------------------------------------------
     0 | D:1      | qw the Minotaur Fighter began the quest for the Orb.
     0 | D:1      | Reached XP level 1. HP: 19/19 MP: 0/0
     0 | D:1      | 0 ||| qw: Version: 0.1-a-108-g9e35731
     0 | D:1      | 0 ||| qw: Game counter: 6359
     0 | D:1      | 0 ||| qw: Always use a shield: true
     0 | D:1      | 0 ||| qw: God list: Ru
     0 | D:1      | 0 ||| qw: Allow faded altars: false
     0 | D:1      | 0 ||| qw: Do Orc after D:15 true
     0 | D:1      | 0 ||| qw: Do second Lair branch before Depths: true
     0 | D:1      | 0 ||| qw: Lair rune preference: random
     0 | D:1      | 0 ||| qw: Plans: Normal
     0 | D:1      | 0 ||| PLANNING D:1-11
    69 | D:1      | Reached skill level 3 in Axes
    74 | D:1      | 74 ||| Stepping ~*~*~tactically~*~*~ (stealth).
    77 | D:1      | 77 ||| Stepping ~*~*~tactically~*~*~ (stealth).
    85 | D:1      | Reached XP level 2. HP: 24/26 MP: 1/1
   116 | D:1      | 116 ||| Stepping ~*~*~tactically~*~*~ (stealth).
   122 | D:1      | 122 ||| Stepping ~*~*~tactically~*~*~ (hiding).
   125 | D:1      | 125 ||| Stepping ~*~*~tactically~*~*~ (stealth).
   132 | D:1      | 132 ||| Stepping ~*~*~tactically~*~*~ (stealth).
   133 | D:1      | 133 ||| Stepping ~*~*~tactically~*~*~ (stealth).
   134 | D:1      | 134 ||| Stepping ~*~*~tactically~*~*~ (stealth).
   135 | D:1      | 135 ||| Stepping ~*~*~tactically~*~*~ (stealth).
   145 | D:1      | Reached skill level 4 in Axes
   297 | D:1      | 297 ||| Stepping ~*~*~tactically~*~*~ (stealth).
   302 | D:1      | 302 ||| Stepping ~*~*~tactically~*~*~ (stealth).
   305 | D:1      | Reached XP level 3. HP: 31/31 MP: 2/2
   342 | D:1      | 342 ||| DROPPING +0 club.
   691 | D:1      | 691 ||| Stepping ~*~*~tactically~*~*~ (stealth).
  1036 | D:1      | 1036 ||| READING scroll labelled WIEWNOW BOILEP.
  1085 | D:2      | 1085 ||| Stepping ~*~*~tactically~*~*~ (stealth).
  1086 | D:2      | 1086 ||| Stepping ~*~*~tactically~*~*~ (stealth).
  1089 | D:2      | 1089 ||| Stepping ~*~*~tactically~*~*~ (stealth).
  1103 | D:2      | Reached skill level 5 in Axes
  1104 | D:2      | HP: 6/27 [gnoll/+0 spear (2)]
  1108 | D:2      | Reached XP level 4. HP: 6/36 MP: 3/3
  1108 | D:2      | HP: 1/36 [gnoll/+0 club (6)]
  1110 | D:2      | Reached skill level 1 in Dodging
  1410 | D:2      | 1410 ||| DROPPING +0 whip.
  1711 | D:2      | Found Qovvy's Weapon Boutique.
  2241 | D:2      | 2241 ||| READING scroll labelled JILIDW CODGHIAC.
  2242 | D:2      | 2242 ||| READING scroll labelled XEDGHE ILOZO.
  2243 | D:2      | 2243 ||| DRINKING 2 pink potions.
  2297 | D:3      | 2297 ||| Stepping ~*~*~tactically~*~*~ (stealth).
  2466 | D:3      | Found a shimmering blue altar of Sif Muna.
  2583 | D:3      | 2583 ||| Stepping ~*~*~tactically~*~*~ (stealth).
  2628 | D:3      | Reached skill level 6 in Axes
  2815 | D:3      | Found an opulent altar of Gozag.
  3080 | D:3      | 3080 ||| DROPPING +2 robe of fire resistance.
  3081 | D:3      | 3081 ||| UPGRADING to +0 chain mail.
  3091 | D:3      | 3091 ||| DROPPING +0 scale mail.
  3092 | D:3      | 3092 ||| READING 3 scrolls labelled EXACAFYUSCH.
  3093 | D:3      | 3093 ||| READING scroll labelled OCUT MEATH.
  3094 | D:3      | 3094 ||| DRINKING 2 silvery potions.
  3095 | D:3      | 3095 ||| DROPPING 2 scrolls of noise.
  3096 | D:3      | 3096 ||| DROPPING potion of attraction.
  3118 | D:4      | Reached XP level 5. HP: 45/45 MP: 4/4
  3137 | D:4      | 3137 ||| Stepping ~*~*~tactically~*~*~ (hiding).
  3253 | D:4      | Noticed Menkaure
  3258 | D:4      | Killed Menkaure
  3259 | D:4      | Reached skill level 7 in Axes
  3259 | D:4      | Reached XP level 6. HP: 24/51 MP: 5/5
  3459 | D:4      | 3459 ||| Stepping ~*~*~tactically~*~*~ (hiding).
  3459 | D:4      | Found a staircase to the Ecumenical Temple.
  3460 | D:4      | 3460 ||| PLANNING TEMPLE
  3460 | D:4      | 3460 ||| Stepping ~*~*~tactically~*~*~ (hiding).
  3461 | D:4      | 3461 ||| Stepping ~*~*~tactically~*~*~ (hiding).
  3468 | D:4      | HP: 12/52 [howler monkey (4)]
  3469 | D:4      | 3469 ||| READING scroll of teleportation.
  3471 | D:4      | HP: 2/53 [gnoll/+0 halberd[a gnoll bouda] (6)]
  3472 | D:4      | Slain by a necrophage

Levels and vault maps discovered:
D:1:      lightli_arrival_farm, layout_basic, minmay_misc_feat_cross,
          nicolae_wormholes
D:2:      layout_basic, serial_shops, nicolae_shop_waterfront
D:3:      layout_basic, lemuel_tele_altar, lemuel_blue_sif_altar,
          guppyfry_early_lair_pool
D:4:      layout_cave_pools, ashenzari_conservatory_becter,
          minmay_temple_entry_sparse_star, uniq_ijyb, uniq_edmund, uniq_menkaure

Skill      XL: |  1  2  3  4  5  6 |
---------------+-------------------+-----
Axes           | 3 4 5 6 7 |  7.7
Dodging        | 1 |  1.3
Fighting       | 4 |  4.3
Armour         | |  3.6
Shields        | |  3.6

Action                   |  1- 3 |  4- 6 || total
-------------------------+-------+-------++-------
Melee: War axe           |    67 |    91 ||   158
       Headbutt          |    11 |    13 ||    24
  Use: Scroll            |     1 |     5 ||     6
       Potion            |       |     2 ||     2
Armor: Scale mail        |    17 |    13 ||    30
       Chain mail        |       |    15 ||    15
Dodge: Dodged            |    19 |    42 ||    61
Block: Buckler           |    12 |    25 ||    37

Table legend:
 A = Non-vault XP
 B = Vault XP
 C = Vault XP percentage of total XP
 D = Non-vault monster count
 E = Vault monster count
 F = Vault count percentage of total count
                 A         B        C        D         E       F
            +---------+---------+-------+---------+---------+-------
      Total |     346 |     182 |  34.5 |      71 |       3 |   4.1
            +---------+---------+-------+---------+---------+-------
        D:1 |      46 |      10 |  17.9 |      27 |       2 |   6.9
        D:2 |      98 |       0 |   0.0 |      20 |       0 |   0.0
        D:3 |      38 |       0 |   0.0 |      15 |       0 |   0.0
        D:4 |     164 |     172 |  51.2 |       9 |       1 |  10.0
            +---------+---------+-------+---------+---------+-------
